 Dungeon Crawl Stone Soup version 0.23.2-1-ga50397a6bc (webtiles) character file.

Game seed: 11523869643899940455

67 Bb4Qf6 the Covered (level 4, 0/42 HPs)
             Began as a Deep Dwarf Fighter on May 28, 2019.
             Killed from afar by an orc wizard (5 damage)
             ... with a magic dart
             ... on level 3 of the Dungeon.
             The game lasted 00:03:17 (2271 turns).

Bb4Qf6 the Covered (Deep Dwarf Fighter)             Turns: 2271, Time: 00:03:17

Health: 0/42       AC:  8    Str: 21    XL:     4   Next: 0%
Magic:  4/4        EV:  7    Int:  8    God:
Gold:   127        SH:  8    Dex: 12    Spells: 3/3 levels left

rFire    . . .     SeeInvis .   a - +0 war axe
rCold    . . .     Gourm    .   c - +0 shield
rNeg     . . .     Faith    .   b - +0 scale mail
rPois    .         Spirit   .   r - +1 hat
rElec    .         Reflect  .   (no cloak)
rCorr    .         Harm     .   s - +0 pair of gloves
MR       .....                  (no boots)
Stlth    ..........             (no amulet)
HPRegen  0.00/turn              (no ring)
MPRegen  0.09/turn              (no ring)

@: non-regenerating, heavily drained
A: damage resistance, heal wounds, sense surroundings 1, no regeneration
a: Heal Wounds


You were on level 3 of the Dungeon.
You were not hungry.

You visited 1 branch of the dungeon, and saw 3 of its levels.

You collected 127 gold pieces.

Inventory:

Hand Weapons
 a - a +0 war axe (weapon)
Missiles
 e - 211 stones (quivered)
Armour
 b - a +0 scale mail (worn)
 c - a +0 shield (worn)
 r - a +1 hat (worn)
 s - a +0 pair of gloves (worn)
Wands
 t - a wand of polymorph (7)
Scrolls
 h - 2 scrolls of magic mapping {unknown}
 i - 3 scrolls of identify {unknown}
 j - a scroll of enchant weapon {unknown}
 k - a scroll of teleportation {unknown}
 l - a scroll of fear {unknown}
 n - a scroll of remove curse {unknown}
 p - a scroll of blinking {unknown}
Potions
 d - a potion of might
 g - a potion of degeneration {unknown}
 m - 2 potions of haste {unknown}
 o - a potion of agility {unknown}
 q - 2 potions of lignification {unknown}
 v - a potion of heal wounds {unknown}
Comestibles
 f - 4 rations
 u - 6 chunks of flesh


   Skills:
 * Level 3.3(1.7) Fighting
 * Level 3.2(1.7) Axes
 + Level 3.7(2.1) Armour
 + Level 1.3(0.0) Dodging
 - Level 3.2(1.7) Shields


You had 3 spell levels left.
You didn't know any spells.
Your spell library was empty.

Dungeon Overview and Level Annotations

Branches:
Dungeon (3/15)

Altars:
Hepliaklqana


Innate Abilities, Weirdness & Mutations

You are resistant to damage.
You can heal yourself by infusing magical energy.
You passively map a small area around you.
You do not regenerate.


Message History

You feel stronger. The orc wizard casts a spell at you.
You resist with some effort.
The orc wizard hits you but does no damage.
You block the orc wizard's attack. The orc wizard barely misses you.
You hit the orc wizard but do no damage.
You block the orc wizard's attack.
The orc wizard gestures at you while chanting.
The magic dart hits you.
You hit the orc wizard but do no damage.
The orc wizard hits you but does no damage.
The orc wizard gestures at you while chanting.
The magic dart hits you!
* * * LOW HITPOINT WARNING * * *
You hit the orc wizard.
The orc wizard is moderately wounded.
You block the orc wizard's attack. The orc wizard casts a spell at you.
The magic dart hits you!
You die...

#....#.###>## #.####.#
###..##.##
##.####.####.#####
..)....##
##...#.#....)...#
.##..##.##
##.##.#<#.##.###.#
..)......###.###.#.#.##.#
.#
.###>>....#...÷......##.#
*.# .#
#....................# .#
.........#######o########
.# .####...## #@# .# .#
#..#########.####### .#
## #... .......÷......#
,* #.##########.#####.# ,
,, #......o. * ,
..#####)# * * * ##.# * *
#.# , #.# *


You could see an orc wizard.

Vanquished Creatures
  A gnoll (D:1)
  2 oozes (D:2)
  A worm (D:2)
  2 dart slugs
  An orc (D:3)
  A giant cockroach (D:1)
  5 goblins
  4 hobgoblins
  4 jackals
  6 kobolds
  A quokka (D:2)
  3 bats
  11 rats
42 creatures vanquished.

Notes
Turn   | Place    | Note
-------+----------+-------------------------------------------
     0 | D:1      | Bb4Qf6 the Deep Dwarf Fighter began the quest for the Orb.
     0 | D:1      | Reached XP level 1. HP: 20/20 MP: 1/1
   321 | D:1      | Reached XP level 2. HP: 25/27 MP: 2/2
   875 | D:2      | Reached XP level 3. HP: 24/34 MP: 3/3
   982 | D:2      | Reached skill level 1 in Dodging
  1370 | D:2      | Found a hazy altar of Hepliaklqana.
  2267 | D:3      | Reached XP level 4. HP: 14/42 MP: 4/4
  2271 | D:3      | Killed from afar by an orc wizard

Skill      XL: |  1  2  3 |
---------------+----------+-----
Fighting       | 3 |  3.3
Axes           | 3 |  3.2
Dodging        | 1 |  1.3
Armour         | |  3.7
Shields        | |  3.2

Action                   |  1- 3 |  4- 6 || total
-------------------------+-------+-------++-------
Melee: War axe           |    98 |     3 ||   101
  Eat: Chunk             |     4 |       ||     4
Armor: Scale mail        |    47 |     2 ||    49
Dodge: Dodged            |    25 |     1 ||    26
Block: Shield            |    53 |     3 ||    56
